 Dungeon Crawl Stone Soup version 0.28.0-53-g5a82cb258f (webtiles) character file.

Game seed: 5101556629547963779

19 gobodom the Conjurer (level 2, 0/22 HPs)
             Began as a Naga Conjurer on June 22, 2022.
             Slain by a worm (3 damage)
             ... on level 2 of the Dungeon.
             The game lasted 00:03:09 (945 turns).

gobodom the Conjurer (Naga Conjurer)                 Turns: 945, Time: 00:03:09

Health: 0/22       AC:  1    Str:  9    XL:     2   Next: 75%
Magic:  1/5        EV:  9    Int: 18    God:
Gold:   14         SH:  0    Dex:  9    Spells: 4/5 levels left

rFire   . . .      SeeInvis +   e - +0 dagger
rCold   . . .      Faith    .   (no shield)
rNeg    . . .      Spirit   .   a - +0 robe
rPois   +          Reflect  .   (no helmet)
rElec   .          Harm     .   (no cloak)
rCorr   .          Rampage  .   (no gloves)
Will    .....                   (no barding)
Stlth   ++........              (no amulet)
HPRegen 0.07/turn               (no ring)
MPRegen 0.09/turn               (no ring)

@: very slow
A: AC +0, large, see invisible, deformed body, poison resistance, slowness 2,
spit poison 1, naga tail 1
a: Spit Poison


You were on level 2 of the Dungeon.
You visited 1 branch of the dungeon, and saw 2 of its levels.

You collected 14 gold pieces.

Inventory:

Hand Weapons
 e - a +0 dagger (weapon)
Armour
 a - a +0 robe (worn)
Scrolls
 c - a scroll of enchant armour {unknown}
 d - a scroll of teleportation {unknown}
Potions
 b - a potion of heal wounds {unknown}


   Skills:
 + Level 1.7 Dodging
 + Level 3.0 Stealth
 + Level 2.2 Spellcasting
 + Level 4.5 Conjurations


You had 4 spell levels left.
You knew the following spells:

 Your Spells              Type           Power      Damage    Failure   Level
a - Magic Dart            Conj           72%        1d6       2%          1

Your spell library contained the following spells:

 Spells                   Type           Power      Damage    Failure   Level
 Searing Ray              Conj           36%        2d5       4%          2
 Dazzling Flash           Conj/Hex       20%        N/A       22%         3
 Blink                    Tloc           2%         N/A       26%         2
 Lesser Beckoning         Tloc           1%         N/A       47%         3
 Fulminant Prism          Conj/Hex       5%         3d7       56%         4
 Iskenderun's Mystic Bla  Conj/Tloc      10%        2d4       56%         4
 Manifold Assault         Tloc           1%         N/A       99%         5


Dungeon Overview and Level Annotations

Branches:
Dungeon (2/15)

Altars:


Innate Abilities, Weirdness & Mutations

Your serpentine skin is tough. (AC +0)
You have supernaturally acute eyesight. (SInv)
Armour fits poorly on your strangely shaped body.
Your system is resistant to poisons. (rPois)
You cover ground very slowly.
You can spit poison.
You have a snake-like lower body.


Message History

The magic dart hits the frilled lizard.
You kill the frilled lizard!
Items here: ( )) †.
e - a +0 dagger
e - a +0 dagger (weapon)
A worm comes into view.
The magic dart hits the worm.
The worm is lightly wounded.
The magic dart hits the worm.
The worm is moderately wounded.
The magic dart hits the worm.
The worm is heavily wounded.
The magic dart hits the worm.
The worm is severely wounded.
The magic dart hits the worm.
The worm is almost dead.
The worm barely misses you.
You barely miss the worm.
The worm is severely wounded.
You barely miss the worm.
The worm is severely wounded.
The worm bites you.
You hit the worm.
The worm is severely wounded.
The worm bites you.
You hit the worm.
The worm is severely wounded.
You hit the worm.
The worm is almost dead.
The worm bites you!
You hit the worm but do no damage.
The worm is almost dead.
You hit the worm.
The worm is almost dead.
The worm bites you.
* * * LOW HITPOINT WARNING * * *
You hit the worm but do no damage.
The worm is almost dead.
The worm bites you.
You die...

######)########.#
..........# #.#
....†..##.### #.#
########....# #.# #
#..#.# #.# ## # #..#.#
#.# .. ## #..#.#
#.####.### .#
###..#.###........#
.#####.........w@......#
............###..###.#.#
.#####......# #..# .# #
.# #.....## #..# # .#
#.....####..### .#
###...........# .#
########.<#.# .. .#
.........#.# #.# .#
#######.##.#...


You could see a worm.

Vanquished Creatures
  An adder skeleton (D:2)
  A dart slug (D:2)
  A bat (D:2)
  A bat zombie (D:2)
  An endoplasm (D:2)
  A giant cockroach (D:2)
  3 goblins
  A ball python (D:2)
  A frilled lizard (D:2)
  3 rats
14 creatures vanquished.

Vanquished Creatures (others)
  A withered plant (D:2)
1 creature vanquished.

Grand Total: 15 creatures vanquished

Notes
Turn   | Place    | Note
-------+----------+-------------------------------------------
     0 | D:1      | gobodom the Naga Conjurer began the quest for the Orb.
     0 | D:1      | Reached XP level 1. HP: 15/15 MP: 3/3
   210 | D:1      | You fall into a shaft and drop 1 floor!
   522 | D:2      | Reached XP level 2. HP: 16/22 MP: 0/5
   945 | D:2      | Slain by a worm

Illustrated notes

Levels and vault maps discovered:
D:1:      dpeg_arrival_stone_temple_mockup, layout_loops_ring, serial_forest,
          infiniplex_forest_straight_3, infiniplex_forest_straight_5,
          infiniplex_forest_diagonal, infiniplex_forest_clump_small
D:2:      layout_loops_ring, basic_altar, serial_undead, serial_undead_a,
          serial_undead_e, serial_undead_c, serial_undead_b, minmay_domino_2

Action                   || total
-------------------------++-------
Melee: Unarmed           ||     3
       Dagger            ||     8
 Cast: Magic Dart        ||    36
Armor: Robe              ||     2
Dodge: Dodged            ||     5
